 Dungeon Crawl Stone Soup version 0.18-a0-1147-g8e8348b (webtiles) character file.

942 Duffy the Magician (level 7, -4/36 HPs)
             Began as a Deep Elf Conjurer on Jan 22, 2016.
             Shot with an arrow by a centaur (8 damage)
             ... on level 5 of the Dungeon.
             The game lasted 00:05:37 (4437 turns).

Duffy the Magician (Deep Elf Conjurer)              Turns: 4437, Time: 00:05:37

Health: -4/36      AC:  3    Str:  1    XL:     7   Next: 88%
Magic:  20/20      EV: 13    Int: 22    God:
Gold:   180        SH:  0    Dex: 15    Spells: 4 memorised, 9 levels left

rFire  . . .     SeeInvis .     v - +0 blowgun
rCold  . . .     Gourm    .     q - +0 robe {rN+}
rNeg   + . .     Faith    .     (no shield)
rPois  +         Spirit   .     t - +1 hat
rElec  .         Dismiss  .     (no cloak)
rCorr  .         Reflect  .     (no gloves)
SustAt .         Harm     +     (no boots)
MR     .....                    p - amulet of harm
Stlth  ++........               j - ring of poison resistance
                                k - -4 ring of strength (curse)

@: not resistant to hostile enchantments, unstealthy
A: no striking features
a: no special abilities


You were on level 5 of the Dungeon.
You were not hungry.

You visited 1 branch of the dungeon, and saw 5 of its levels.
You also visited: Sewer.

You collected 180 gold pieces.


   Skills:
 - Level 2.4 Dodging
 - Level 2.4 Stealth
 + Level 7.9 Spellcasting
 + Level 7.5 Conjurations
 - Level 6.0 Charms


You had 9 spell levels left.
You knew the following spells:

 Your Spells              Type           Power        Failure   Level  Hunger
a - Magic Dart            Conj           ####         1%          1    None
i - Iskenderun's Battles  Conj/Chrm      #####...     14%         5    #####..
l - Iskenderun's Mystic   Conj           #####...     3%          4    ###....
s - Searing Ray           Conj           #####.       1%          2    None

Inventory:

Hand Weapons
 v - a +0 blowgun (weapon)
Missiles
 w - 15 poisoned needles (quivered)
Armour
 q - a +0 robe of positive energy (worn)
 t - a +1 hat (worn)
Jewellery
 f - an uncursed ring of positive energy
 j - a ring of poison resistance (right hand)
 k - a cursed -4 ring of strength (left hand)
 p - an amulet of harm (around neck)
 B - a +2 ring of dexterity {unknown}
Scrolls
 d - 4 scrolls of identify {unknown}
 e - a scroll of teleportation {unknown}
 g - 4 scrolls of amnesia {unknown}
 h - a scroll of random uselessness {unknown}
 y - a scroll of fog {unknown}
 z - a scroll of remove curse {unknown}
Potions
 a - 2 potions of flight {unknown}
 i - a potion of lignification {unknown}
 l - 5 potions of curing
 m - a potion of invisibility {unknown}
 n - 2 potions of agility
 r - a potion of resistance {unknown}
 s - a potion of poison {unknown}
 x - a potion of mutation {unknown}
Books
 b - a book of Conjurations
Comestibles
 c - a bread ration
 o - 2 meat rations
 u - a royal jelly
 A - 4 chunks of flesh

Dungeon Overview and Level Annotations

Branches:
Dungeon (5/15)
 Temple: D:4-7

Altars:


Message History

Items here: %% )) [[ Cast which spell? (? or * to list)
Aiming: Searing Ray
Press: ? - help, Shift-Dir - straight line, f - orc
Aim: an orc, wearing a leather armour The searing ray hits the orc.
The orc is moderately wounded.
The searing ray hits the orc.
You kill the orc!
The searing ray hits the orc.
You kill the orc!
Magic restored.
d - 4 scrolls labeled WICEUTROESU (gained 1)
Things that are here:
a flail; a leather armour; an orc corpse You butcher the orc corpse.
A - 4 chunks of flesh (gained 3)
Things that are here:
a flail; a leather armour
Items here: %% )) [[
B - a brass ring
Found a yellow potion.
A centaur comes into view.
The centaur shouts!
The centaur moves out of view.
Found a stone staircase leading up.
The centaur wields a shortbow.
The centaur shoots an arrow.
The arrow hits you!
The orc shouts!
The centaur shoots an arrow.
The arrow hits you!
You see here an arrow.
A worm and a crimson imp come into view.
The crimson imp shouts!
The centaur shoots an arrow.
The arrow hits you.
The centaur shoots an arrow.
The arrow hits you!
You die...

#....# ........... ##..#.#
..####.### #...#.# #.#
..#.#.# #.# .##.... #.#
...##..# . ..# ##.......
.. ########.# .##
##...........#.....w..# ..
.
..............##@####..5..
..
####..............###.....
### .........###.co....<..
..## ##)..................
#... #...#..###.#....##..
#..# #.#.##.#...........
#..####.#.##....#.....###
...##...#.#.....#.......
#.....................##.


You could see a centaur, a worm and an orc.

Action                   |  1- 3 |  4- 6 |  7- 9 || total
-------------------------+-------+-------+-------++-------
 Cast: Magic Dart        |    33 |    35 |    58 ||   126
       Searing Ray       |     6 |    12 |    10 ||    28
       Iskenderun's Batt |       |     1 |       ||     1
  Eat: Chunk             |       |     7 |     4 ||    11

Notes
Turn   | Place    | Note
--------------------------------------------------------------
     0 | D:1      | Duffy the Deep Elf Conjurer began the quest for the Orb.
     0 | D:1      | Reached XP level 1. HP: 10/10 MP: 6/6
   488 | D:1      | Reached XP level 2. HP: 7/15 MP: 0/8
   492 | D:1      | Learned a level 2 spell: Searing Ray
   751 | D:2      | Noticed Jessica
   759 | D:2      | Killed Jessica
   759 | D:2      | Reached skill level 4 in Spellcasting
   759 | D:2      | Reached skill level 5 in Conjurations
   759 | D:2      | Reached XP level 3. HP: 19/19 MP: 2/10
   910 | D:2      | Noticed Ijyb
  1007 | D:2      | Killed Ijyb
  1007 | D:2      | Reached XP level 4. HP: 13/24 MP: 2/12
  1150 | D:2      | Learned a level 4 spell: Iskenderun's Mystic Blast
  1550 | D:3      | Reached skill level 5 in Spellcasting
  1695 | D:4      | Noticed Natasha
  1696 | D:4      | Noticed Sigmund
  1952 | D:3      | Killed Natasha
  1952 | D:3      | Reached XP level 5. HP: 11/28 MP: 11/15
  2183 | D:4      | Killed Sigmund
  2183 | D:4      | Reached skill level 6 in Spellcasting
  2183 | D:4      | Reached skill level 6 in Conjurations
  2183 | D:4      | Reached XP level 6. HP: 32/32 MP: 7/17
  2257 | D:4      | Learned a level 5 spell: Iskenderun's Battlesphere
  2327 | D:4      | Noticed Purgy
  2394 | D:4      | Killed Purgy
  2394 | D:4      | Reached skill level 2 in Charms
  2651 | D:4      | Reached skill level 7 in Spellcasting
  2738 | D:4      | Reached skill level 3 in Charms
  2967 | D:4      | Reached XP level 7. HP: 30/36 MP: 10/19
  3321 | D:5      | Entered Level 5 of the Dungeon
  3329 | D:5      | Reached skill level 7 in Conjurations
  3455 | D:5      | Reached skill level 4 in Charms
  3456 | D:5      | Found a glowing drain.
  3465 | Sewer    | Entered a sewer
  3692 | Sewer    | Found a glowing silver altar of Zin.
  4036 | D:5      | Reached skill level 5 in Charms
  4292 | D:5      | Reached skill level 6 in Charms
  4437 | D:5      | Shot with an arrow by a centaur

Vault maps used:
D:1:      lemuel_arrival_room
D:2:      minmay_misc_feat_x, minivault_23, nicolae_ru_great_annihilating_truth,
          uniq_jessica, uniq_iyjb
D:3:      forest_paths, grunt_pakellas_sulfur, first_bread,
          roderic_serpentine_path
D:4:      kennysheep_small_circle, uniq_sigmund, uniq_purgy, uniq_natasha
D:5:      portal_sewer_entry_d
Sewer:    sewer_kobolds

Vanquished Creatures
  Sigmund Purgy
  An ice beast
  A big kobold
  A giant frog
  2 hounds
  An orc priest
  An orc wizard
  A giant frog skeleton Jessica Natasha Ijyb
  4 worker ants
  A hound zombie
  3 adders
  A river rat
  A shadow imp
  An ooze
  An adder zombie
  An adder skeleton
  4 giant geckos
  9 orcs
  5 giant cockroaches
  5 goblins
  3 hobgoblins
  13 jackals
  2 quokkas
  3 ball pythons
  2 bats
  A giant newt
  5 kobolds
  5 rats
83 creatures vanquished.
